 Dungeon Crawl Stone Soup version 0.31.0-12-g77e489cdc1 (webtiles) character file.

Game seed: 16613591930272409811

20113 Doomgape the Grappler (level 12, -10/15 HPs)
             Began as a Troll Berserker on Feb 7, 2024.
             Was a High Priest of Trog.
             Mangled by a cane toad (25 damage)
             ... on level 2 of the Lair of Beasts on Feb 11, 2024.
             The game lasted 00:35:13 (10456 turns).

Doomgape the Grappler (Troll Berserker)            Turns: 10456, Time: 00:35:13

Health: -10/15     AC:  2    Str: 37    XL:     12   Next: 42%
Magic:  11/11      EV: 12    Int:  3    God:    Trog [*****.]
Gold:   740        SH:  0    Dex:  9    Spells: 11/11 levels left

rFire   . .          .
                       - Unarmed
rCold   . . .        (shield currently unavailable)
rNeg    . . .        p - melded +0 steam dragon scales
rPois   +            (helmet currently unavailable)
rElec   .            (cloak currently unavailable)
rCorr   .            (gloves unavailable)
SInv    .            (boots unavailable)
Will    ++...        n - amulet of regeneration
Stlth   +            g - ring of poison resistance
HPRegen 2.82/turn    a - +4 ring of slaying
MPRegen 0.12/turn

%: no passive effects
@: snake-form, strong-willed, regenerating, studying Short Blades
A: constrict, reduced hp, large, unfitting armour, (claws 3), regeneration 1,
(shaggy fur 1), (tough skin 1)
a: Begin Untransformation, Renounce Religion, Berserk, Trog's Hand, Brothers in
Arms


You were on level 2 of the Lair of Beasts.
You worshipped Trog.
Trog was extremely pleased with you.
You were an enormous serpent.
You visited 2 branches of the dungeon, and saw 14 of its levels.

You collected 800 gold pieces.
You spent 60 gold pieces at shops.

Inventory:

Missiles
 w - 4 throwing nets (quivered)
Armour
 p - +0 steam dragon scales (melded)
Magical Staves
 o - the staff of Butchery {rN+ Str+2 Necro}
   (You found it on level 6 of the Dungeon)

   [staff of death]

   Base accuracy: +5 Base damage: 5 Base attack delay: 1.2 This weapon's minimum
   attack delay (0.6) is reached at skill level 12.
   Str+2:     It affects your strength (+2).
   rN+:       It protects you from negative energy.
   Necro:     It increases the power of your Necromancy spells.
   It falls into the 'Staves' category.
   It is a one-clawed weapon.
   Trog disapproves of the use of such an item.
Jewellery
 a - a +4 ring of slaying (right hand)
 d - a ring of ice
 g - a ring of poison resistance (left hand)
 j - a ring of fire
 m - a ring of resist corrosion
 n - an amulet of regeneration (around neck)
 q - a +5 ring of evasion
 t - a ring of protection from fire
Talismans
 r - a serpent talisman (active)
Wands
 k - a wand of digging (14)
Scrolls
 h - 4 scrolls of teleportation
 i - 2 scrolls of identify
 u - a scroll of revelation
 y - a scroll of immolation
Potions
 b - 3 potions of mutation
 c - 2 potions of curing
 e - a potion of invisibility {unknown}
 f - a potion of magic {unknown}
 l - a potion of cancellation
 B - a potion of attraction {unknown}
 C - a potion of lignification {unknown}
 D - a potion of might {unknown}


   Skills:
 - Level 10.2 Fighting
 - Level 10.1 Dodging
 + Level 12.6 Unarmed Combat
 - Level 3.0 Evocations
 + Level 0.0 Shapeshifting


You had 11 spell levels left.
You didn't know any spells.
Your spell library was empty.

Dungeon Overview and Level Annotations

Branches:
Dungeon (12/15)            Temple (0/1) D:4            Lair (2/5) D:8
  Snake (0/4) Lair:2          Orc (0/2) D:12
  Swamp: Lair:2-3    Shoals: Lair:2-3

Altars:
Cheibriados
Dithmenos
Elyvilon
Ru
Trog
Uskayaw
Xom
Yredelemnul
Zin
Lugonu

Shops:
D:3 !   D:5 *   D:6 :?[(:   D:11 (

Portals:
Trove: D:11 (give +5 demon whip)

Annotations:
D:11 2 transporters


Innate Abilities, Weirdness & Mutations

You are an enormous serpent.
You have a powerful constriction melee attack.
Your maximum health is decreased, since you lack skill for your form.
Your armour is entirely melded.
You are incapable of wielding weapons or throwing items.
You are too large for most types of armour.
((You have claws for hands.))
Your natural rate of healing is unusually fast.
((You are covered in fur. (AC +1)))
((You have tough skin. (AC +1)))


Message History

You closely miss the naga.
The naga is almost dead.
The naga hits you with a +0 halberd. The naga closely misses you.
You barely miss the naga.
The naga is almost dead.
You mangle the naga!!
You kill the naga!
Trog accepts your kill.
You now have 740 gold pieces (gained 13).
q - a +5 ring of evasion
Things that are here:
a +0 halberd; a +0 robe You begin transforming.
You continue transforming. x3
The naga spits poison at you. The splash of poison hits you. You resist.
You turn into an enormous serpent.
Your +0 steam dragon scales melds into your body.
The naga closely misses you. The naga closely misses you. The naga grabs you.
The naga constricts you.
There is a staircase to the Snake Pit here.
You crush the naga!!!
You kill the naga!
Trog accepts your kill.
Your Evocations skill increases to level 3!
Things that are here:
a +0 glaive; a +0 robe You see here a +0 mace of draining.
Things that are here:
a +0 glaive; a +0 robe You see here a +0 mace of draining.
Found a runed rapier.
A cane toad comes into view.
The cane toad gives a loud, deep croak!
Okay, then.
You see here a +0 rapier of electrocution.
Your skin crawls.
You feel strong-willed. The cane toad stings you!!
Ouch! That really hurt!
You die...

#..P####.####P...............###
#..##~...~~~##...#..P.P###....#
##†#~~.....♣♣#..#..##.. #...##.
#..#.P♣♣.♣♣.~#...#..... #P....P.
##.#.P♣...♣.♣#..##.... ......P.
#...)...>))........... .##.
##.#♣.♣...♣.♣#..##...
#.#~.♣♣.♣♣.~#).#
..#~P...P..~#.S#
##.##P~....~##..F#
...####.####...... #.. ...
.......... #. .................
............... .........####.#
........P# ##


You could see a cane toad.

Vanquished Creatures
  Harold (D:9)
  2 boulder beetles
  3 two-headed ogres
  A cyclops (D:11)
  Joseph (D:9)
  Maggie (D:7)
  2 black mambas (Lair:2)
  A cane toad (Lair:1)
  9 komodo dragons (Lair:1)
  A kobold demonologist (D:5)
  A freezing wraith (D:12)
  A polar bear (Lair:2)
  A troll (D:11)
  2 hornets
  4 shadows
  5 slime creatures (D:12)
  2 vampires
  4 wyverns
  10 yaks
  2 wraiths
  A basilisk (Lair:2)
  A steam dragon (D:9)
  2 nagas (Lair:2)
  4 vampire mosquitoes (D:11)
  Menkaure (D:6)
  An acid dragon (D:8)
  8 water moccasins
  2 ice beasts
  A black bear (D:8)
  8 orc warriors
  An ogre (D:7)
  6 wolves
  4 centaurs
  2 phantoms
  4 kobold brigands
  A brain worm (D:5)
  4 bullfrogs
  2 scorpions
  3 gnoll sergeants
  9 wights
  4 killer bees (D:10)
  A centaur zombie (D:7)
  A bullfrog zombie (D:7)
  4 hounds
  2 jellies
  8 orc priests
  2 bombardier beetles
  A sleepcap (D:5)
  Jessica (D:2)
  5 iguanas
  Natasha (thrice) (D:2)
  10 orc wizards
  Robin (D:2)
  10 gnolls
  9 adders
  A shadow imp (D:8)
  3 white imps
  2 ufetubi (D:5)
  A ribbon worm (D:10)
  46 orcs
  3 endoplasms
  3 giant cockroaches
  10 hobgoblins
  4 jackals (D:5)
  2 quokkas
  8 ball pythons
  2 bats
  4 frilled lizards
  12 goblins
  21 kobolds
  7 rats
310 creatures vanquished.

Vanquished Creatures (others)
  An orc (D:9)
1 creature vanquished.

Grand Total: 311 creatures vanquished

Notes
Turn   | Place    | Note
-------+----------+-------------------------------------------
     0 | D:1      | Doomgape the Troll Berserker began the quest for the Orb.
     0 | D:1      | Reached XP level 1. HP: 22/22 MP: 0/0
   323 | D:1      | Reached XP level 2. HP: 29/29 MP: 1/1
   752 | D:2      | Noticed Robin
   770 | D:2      | Reached XP level 3. HP: 28/36 MP: 2/2
   777 | D:2      | Killed Robin
   801 | D:2      | Reached ** piety under Trog
   803 | D:2      | Found a shimmering altar of Xom.
   813 | D:2      | Noticed Natasha
   819 | D:2      | Killed Natasha
   820 | D:2      | Reached XP level 4. HP: 45/45 MP: 3/3
  1080 | D:2      | Noticed Jessica
  1086 | D:2      | Killed Jessica
  1260 | D:2      | Noticed Natasha
  1264 | D:2      | Reached skill level 4 in Unarmed Combat
  1266 | D:2      | Killed Natasha
  1267 | D:2      | Reached XP level 5. HP: 41/53 MP: 4/4
  1281 | D:2      | Noticed Natasha
  1286 | D:2      | Killed Natasha
  1546 | D:3      | Found Poamoeg's Distillery.
  1549 | D:3      | Bought a potion of heal wounds for 60 gold pieces
  2475 | D:4      | Reached XP level 6. HP: 52/62 MP: 5/5
  2629 | D:4      | Reached *** piety under Trog
  2726 | D:4      | Found a sacrificial altar of Ru.
  2868 | D:4      | Found a staircase to the Ecumenical Temple.
  2963 | D:5      | Entered Level 5 of the Dungeon
  2971 | D:5      | Reached skill level 5 in Unarmed Combat
  3018 | D:5      | Found Zin's Purification Station.
  3042 | D:5      | Found a glowing silver altar of Zin.
  3084 | D:5      | Found a shimmering altar of Xom.
  3090 | D:5      | Reached XP level 7. HP: 71/71 MP: 6/6
  3186 | D:5      | Noticed a kobold demonologist
  3189 | D:5      | Noticed a smoke demon
  3195 | D:5      | Noticed a neqoxec
  3197 | D:5      | Noticed a rust devil
  3197 | D:5      | Killed a kobold demonologist
  3312 | D:5      | Noticed a wyvern
  3318 | D:5      | Killed a wyvern
  3319 | D:5      | Reached skill level 5 in Fighting
  3319 | D:5      | Reached skill level 5 in Dodging
  3319 | D:5      | Reached skill level 6 in Unarmed Combat
  3405 | D:5      | Reached XP level 8. HP: 65/80 MP: 7/7
  3718 | D:6      | Reached **** piety under Trog
  3919 | D:6      | Identified the staff of Butchery {rN+ Str+2 Necro}
  3940 | D:6      | Found Xuosm's Book Shoppe.
  3943 | D:6      | Noticed Menkaure
  3959 | D:6      | Killed Menkaure
  3960 | D:6      | Reached skill level 7 in Unarmed Combat
  4023 | D:6      | Found Hize's Magic Scroll Emporium.
  4075 | D:6      | Found Jeled's Book Emporium.
  4151 | D:6      | Found Iciyg's Weapon Shoppe.
  4321 | D:6      | Found Gelis's Armour Shoppe.
  4547 | D:6      | Reached XP level 9. HP: 84/89 MP: 8/8
  4717 | D:7      | Noticed Maggie
  4726 | D:7      | Killed Maggie
  4834 | D:7      | Found a shadowy altar of Dithmenos.
  4864 | D:7      | Found a hide-covered altar of Uskayaw.
  5017 | D:7      | Reached skill level 8 in Unarmed Combat
  5058 | D:7      | Identified the +8 trident "Copp" {flame, rC+ Int+4}
  5393 | D:7      | Found a basalt altar of Yredelemnul.
  5724 | D:7      | Reached XP level 10. HP: 70/102 MP: 9/9
  5789 | D:8      | Reached skill level 9 in Unarmed Combat
  5849 | D:8      | Found a staircase to the Lair.
  5996 | D:8      | Noticed a two-headed ogre
  6005 | D:8      | Killed a two-headed ogre
  6129 | D:8      | Reached ***** piety under Trog
  6165 | D:8      | Paralysed by a hornet for 2 turns
  6427 | D:9      | Found a white marble altar of Elyvilon.
  6604 | D:9      | Noticed Joseph
  6625 | D:9      | Killed Joseph
  6692 | D:9      | Noticed Harold
  6704 | D:9      | Killed Harold
  6705 | D:9      | Reached skill level 10 in Unarmed Combat
  6732 | D:9      | Noticed a two-headed ogre
  6754 | D:9      | Killed a two-headed ogre
  6755 | D:9      | Reached XP level 11. HP: 50/113 MP: 10/10
  7107 | D:10     | Entered Level 10 of the Dungeon
  7333 | D:10     | Noticed a two-headed ogre
  7337 | D:10     | Killed a two-headed ogre
  7456 | D:10     | Found a snail-covered altar of Cheibriados.
  7918 | D:10     | Found a bloodstained altar of Trog.
  8036 | D:11     | Noticed a boulder beetle
  8045 | D:11     | Killed a boulder beetle
  8076 | D:11     | Found a transporter.
  8078 | D:11     | Noticed a thrashing horror
  8079 | D:11     | Noticed a harpy
  8079 | D:11     | Noticed a white ugly thing
  8080 | D:11     | Found a corrupted altar of Lugonu.
  8081 | D:11     | a harpy changed into a komodo dragon
  8167 | D:11     | Received a gift from Trog
  8301 | D:11     | Found Kyuvotin's Weapon Shop.
  8391 | D:11     | Reached skill level 11 in Unarmed Combat
  8682 | D:11     | Noticed a brown ugly thing
  8683 | D:11     | Noticed a green ugly thing
  8685 | D:11     | Found a transporter.
  8795 | D:11     | Found a portal to a secret trove of treasure.
  8993 | D:12     | Upgraded the game from 0.31.0-11-ge490571c62 to
                  | 0.31.0-12-g77e489cdc1
  9050 | D:12     | Noticed a boulder beetle
  9081 | D:12     | Killed a boulder beetle
  9337 | D:12     | Found a staircase to the Orcish Mines.
  9455 | Lair:1   | Entered Level 1 of the Lair of Beasts
  9537 | Lair:1   | Reached skill level 10 in Fighting
  9711 | Lair:1   | Reached XP level 12. HP: 95/126 MP: 11/11
  9714 | Lair:1   | Reached skill level 10 in Dodging
  9872 | Lair:1   | Reached skill level 12 in Unarmed Combat
  9937 | Lair:1   | Reached skill level 1 in Evocations
 10427 | Lair:2   | Found a staircase to the Snake Pit.
 10456 | Lair:2   | Mangled by a cane toad

Illustrated notes

Levels and vault maps discovered:
D:1:      minmay_arrival_hallway, layout_basic
D:2:      layout_basic, basic_altar, uniq_jessica, uniq_natasha, uniq_robin
D:3:      layout_basic, serial_shops, shop, kennysheep_generic_room_10
D:4:      nicolae_cairo_tiling_very_big, layout_rooms,
          nicolae_ru_the_path_less_chosen, hangedman_abyss_or_decor_slice
D:5:      cheibrodos_helix_gallery, layout_basic, xom_butterflies, zin_purify
D:6:      cheibrodos_thug_alley, layout_gridville, serial_shops,
          nicolae_shop_tiny_glass, shop, nicolae_shop_tiny_statue_garden,
          kennysheep_mini_moat, shop, uniq_menkaure
D:7:      layout_gridville, mainiacjoe_overflow_paths,
          mainiacjoe_overflow_small_starburst, lemuel_zombie_altar_yredelemnul,
          kennysheep_generic_room_9, uniq_maggie
D:8:      layout_rooms, minmay_lair_entry_grove
D:9:      layout_rooms, elyvilon_altar_1, palyth_stone_intersect, uniq_harold,
          uniq_joseph
D:10:     layout_loops_ring, bloody_trog, cheibrodos_worm_habitat
D:11:     gammafunk_corrupted_shrine, layout_irregular_city, serial_shops,
          nicolae_diamond_shop, nicolae_trove_entry_crystal
D:12:     layout_loops_corners, david_orc_5, nicolae_tricolors
Lair:1:   layout_chaotic_city, beast_lair_carwin_7
Lair:2:   layout_regular_city, minmay_swamp_entry_reptiles,
          guppyfry_snake_entry_garden, basic_altar

Skill      XL: |  1  2  3  4  5  6  7  8  9 10 11 12 |
---------------+-------------------------------------+-----
Fighting       | 3 4 5 6 7 8 10 | 10.2
Dodging        | 3 4 5 6 7 8 9 10 | 10.1
Unarmed Combat | 4 5 6 7 8 10 11 12 | 12.6
Evocations     | 3 |  3.0

Action                     |  1- 3 |  4- 6 |  7- 9 | 10-12 || total
---------------------------+-------+-------+-------+-------++-------
  Melee: Unarmed           |    78 |   142 |   189 |   409 ||   818
         Punch             |       |       |     8 |    16 ||    24
 Invoke: Berserk           |       |       |       |     3 ||     3
         Trog's Hand       |       |       |       |     7 ||     7
  Evoke: Wand              |       |       |       |    16 ||    16
    Use: Scroll            |     1 |     1 |     8 |     6 ||    16
         Potion            |       |       |     5 |     1 ||     6
   Stab: Sleeping          |       |     1 |       |       ||     1
         Paralysed         |       |       |       |     3 ||     3
 Armour: Animal skin       |    38 |     5 |       |       ||    43
         Robe              |       |    56 |    82 |       ||   138
         Steam dragon scal |       |       |    77 |   286 ||   363
         Skin              |       |       |       |     1 ||     1
  Dodge: Dodged            |    49 |    54 |    96 |   219 ||   418
   Form: Serpent           |       |       |       |     1 ||     1
